 Dungeon Crawl Stone Soup version 0.29.1-12-g30fa7ad0bf (webtiles) character file.

Game seed: 11708336314348341098

97 FexLirch the Chopper (level 4, -1/41 HPs)
             Began as a Minotaur Berserker on Dec 24, 2022.
             Was a Believer of Trog.
             Killed by nerve-wracking pain
             ... invoked by an orc priest
              (11 damage)
             ... on level 3 of the Dungeon.
             The game lasted 00:02:03 (2279 turns).

FexLirch the Chopper (Minotaur Berserker)           Turns: 2279, Time: 00:02:04

Health: -1/41      AC:  3    Str: 23 (24) XL:     4   Next: 42%
Magic:  3/3        EV: 11    Int:  1 (4)  God:    Trog [**....]
Gold:   92         SH:  0    Dex:  6 (9)  Spells: 3/3 levels left

rFire   . . .      SeeInvis .   a - +0 hand axe
rCold   . . .      Faith    .   (no shield)
rNeg    . . .      Spirit   .   b - +0 animal skin
rPois   .          Reflect  .   (helmet restricted)
rElec   .          Harm     .   (no cloak)
rCorr   .          Rampage  .   f - +0 pair of gloves
Will    .....                   (no boots)
Stlth   +.........              (no amulet)
HPRegen 0.13/turn               (no ring)
MPRegen 0.08/turn               (no ring)

@: mighty, brilliant
A: horns 2, retaliatory headbutt
a: Renounce Religion, Berserk, Trog's Hand


You were on level 3 of the Dungeon.
You worshipped Trog.
Trog was pleased with you.
You visited 1 branch of the dungeon, and saw 3 of its levels.

You collected 92 gold pieces.

Inventory:

Hand Weapons
 a - a +0 hand axe (weapon)
 q - a +0 trident
Armour
 b - a +0 animal skin (worn)
 f - a +0 pair of gloves (worn)
Jewellery
 r - a +6 ring of intelligence
Scrolls
 d - 2 scrolls of blinking {unknown}
 g - 2 scrolls of enchant armour {unknown}
 h - a scroll of enchant weapon {unknown}
 i - 2 scrolls of magic mapping {unknown}
 k - a scroll of fog {unknown}
 n - 2 scrolls of identify {unknown}
Potions
 e - 2 potions of degeneration
 j - a potion of curing {unknown}
 m - a potion of flight {unknown}
 o - a potion of ambrosia
 p - a potion of cancellation {unknown}


   Skills:
 + Level 4.6 Fighting
 * Level 5.6 Axes
 - Level 2.4 Armour
 - Level 2.2 Dodging


You had 3 spell levels left.
You didn't know any spells.
Your spell library was empty.

Dungeon Overview and Level Annotations

Branches:
Dungeon (3/15)

Altars:
Ashenzari


Innate Abilities, Weirdness & Mutations

You have a pair of horns on your head.
You reflexively headbutt those who attack you in melee.


Message History

It was a potion of degeneration.
There was something very wrong with that liquid.
You feel weakened.
You feel dopey.
You feel clumsy.
The orc priest calls down the wrath of Beogh upon you.
Pain shoots through your body!
* * * LOW HITPOINT WARNING * * *
It was a potion of ambrosia.
You are confused.
You feel invigorated.
The orc priest hits you but does no damage.
The orc misses you.
Okay, then.
Unknown command.
Okay, then.
Unknown command.
It was a potion of brilliance.
You feel clever all of a sudden.
The orc priest calls down the wrath of Beogh upon you.
Pain shoots through your body!
* * * LOW HITPOINT WARNING * * *
The orc misses you.
It was a potion of might.
You feel very mighty all of a sudden. The orc priest hits you with a +0 mace.
* * * LOW HITPOINT WARNING * * *
The orc closely misses you.
You hit the orc. Your headbutt misses the orc.
The orc is lightly wounded.
You closely miss the orc priest.
The orc priest calls down the wrath of Beogh upon you.
Beogh smites you!
* * * LOW HITPOINT WARNING * * *
The orc hits you but does no damage. The orc attacks as you move away!
The orc hits you with a +0 mace.
* * * LOW HITPOINT WARNING * * *
You feel less invigorated.
You feel less confused.
The orc priest mumbles some strange prayers to Beogh against you.
Pain shoots through your body!
You die...

###.......##.#
.......##.##.#
#########.##)#
..........##.# ###
############.# ..#
....# #)# #.#
###.########)###.####.#
.†..............>)....#
###.########.##.@#####
#.# #.##))# #.# #.##oo#
#.# #.##..# ###.#
#.##... #...# #.###.##
#.### #.. .[. #(# #.#
#<# #.#


You could see an orc priest and an orc.

Vanquished Creatures
  2 adders
  2 worms (D:2)
  3 dart slugs (D:1)
  3 orcs (D:3)
  2 ball pythons
  7 endoplasms
  4 giant cockroaches
  A goblin (D:2)
  7 hobgoblins
  4 jackals (D:2)
  9 kobolds
  4 quokkas (D:1)
  5 frilled lizards
  3 rats
56 creatures vanquished.

Notes
Turn   | Place    | Note
-------+----------+-------------------------------------------
     0 | D:1      | FexLirch the Minotaur Berserker began the quest for the
                  | Orb.
     0 | D:1      | Reached XP level 1. HP: 19/19 MP: 0/0
   221 | D:1      | Reached skill level 4 in Axes
   226 | D:1      | Reached XP level 2. HP: 24/27 MP: 1/1
  1154 | D:2      | Reached XP level 3. HP: 30/33 MP: 2/2
  1194 | D:2      | Found a broken altar of Ashenzari.
  1595 | D:2      | Reached skill level 5 in Axes
  1596 | D:2      | Reached ** piety under Trog
  1875 | D:2      | Reached XP level 4. HP: 38/41 MP: 3/3
  2279 | D:3      | Killed from afar by an orc priest

Illustrated notes

Levels and vault maps discovered:
D:1:      minmay_arrival_arboretum_small, layout_basic, glass_columns_a
D:2:      minmay_chambers_of_ones, layout_loops_ring, basic_altar,
          hangedman_abyss_or_decor_stabs
D:3:      layout_basic

Skill      XL: |  1  2  3 |
---------------+----------+-----
Axes           | 4 5 |  5.6
Fighting       | 4 |  4.6
Armour         | |  2.4
Dodging        | |  2.2

Action                   |  1- 3 |  4- 6 || total
-------------------------+-------+-------++-------
Melee: Hand axe          |    94 |    26 ||   120
       Headbutt          |    10 |     2 ||    12
       Punch             |     1 |       ||     1
  Use: Potion            |       |     4 ||     4
 Stab: Sleeping          |       |     1 ||     1
Armor: Animal skin       |    19 |     4 ||    23
Dodge: Dodged            |    43 |    16 ||    59
